[Event "Titled Tuesday Blitz March 01 Late 2022"]
[White "Sarana, Alexey"]
[Black "Caruana, Fabiano"]
[WhiteFideId "24133795"]
[BlackFideId "2020009"]
[WhiteElo "2665"]
[BlackElo "2744"]
[Result "1-0"]
[Round "10"]
[TimeControl "180+1"]
[Date "2022.03.01"]
[WhiteClock "0:00:19"]
[BlackClock "0:00:10"]

1. d4 Nf6 2. c4 d6 3. Nc3 g6 4. e4 Bg7 5. Be2 O-O 6. Be3 e5 7. d5 a5 8. g4 Na6 9. g5 Nd7 10. h4 Ndc5 11. Nf3 Bg4 12. Nh2 Bd7 13. Ng4 c6 14. Qd2 Bxg4 15. Bxg4 Nb4 16. Bxc5 dxc5 17. a3 Na6 18. O-O-O Rb8 19. h5 Qd6 20. h6 Bh8 21. dxc6 Qxc6 22. Qd7 Nc7 23. Rd6 Qxd7 24. Bxd7 Rfd8 25. Rhd1 Kf8 26. Bh3 Re8 27. Rd7 Na8 28. R1d6 b5 29. cxb5 Nb6 30. Rc7 Red8 31. Rxd8+ Rxd8 32. Rb7 Nc4 33. b6 Nd6 34. Rc7 Ne8 35. Rc8 Rxc8 36. Bxc8 Nd6 37. b7 Nxb7 38. Bxb7 f6 39. Nd5 fxg5 40. Kd2 g4 41. Bc8 g5 42. Bxg4 1-0


[Site "https://www.chess.com"]

[Event "Titled Tuesday Blitz March 01 Late 2022"]
[White "Sargsyan, Anna M."]
[Black "Kollars, Dmitrij"]
[WhiteFideId "13308130"]
[BlackFideId "12909572"]
[WhiteElo "2271"]
[BlackElo "2584"]
[Result "1/2-1/2"]
[Round "10"]
[TimeControl "180+1"]
[Date "2022.03.01"]
[WhiteClock "0:00:13"]
[BlackClock "0:00:04"]

1. d4 Nf6 2. c4 g6 3. g3 Bg7 4. Bg2 O-O 5. Nc3 Nc6 6. Nf3 d5 7. Ne5 dxc4 8. Nxc6 bxc6 9. Bxc6 Rb8 10. O-O Bb7 11. Bxb7 Rxb7 12. e3 Nd5 13. Qa4 Nxc3 14. bxc3 Qd5 15. Ba3 Bf6 16. Rfe1 Rfb8 17. Bc5 Qf3 18. Qxc4 Rb2 19. Qf1 Rc2 20. Qg2 Qxg2+ 21. Kxg2 Rbb2 22. Rf1 a5 23. a3 Rxc3 24. Rab1 Ra2 25. Kf3 Kg7 26. Rfc1 Rd3 27. Rd1 Rxd1 28. Rxd1 e5 29. Rb1 exd4 30. exd4 Rc2 31. Rb7 Rc3+ 32. Kg2 g5 33. g4 Kg6 34. Ra7 Rc4 35. Rxa5 Bxd4 36. Bxd4 Rxd4 37. h3 Rc4 38. Ra8 h6 39. a4 Kg7 40. a5 Ra4 41. a6 c5 42. Rc8 Rxa6 43. Rxc5 Rf6 44. Ra5 1/2-1/2


[Site "https://www.chess.com"]

[Event "Titled Tuesday Blitz March 01 Late 2022"]
[White "Sarkar, Justin"]
[Black "Aggelis, Nikolaos"]
[WhiteFideId "2010011"]
[BlackFideId "4213220"]
[WhiteElo "2038"]
[BlackElo "2154"]
[Result "0-1"]
[Round "10"]
[TimeControl "180+1"]
[Date "2022.03.02"]
[WhiteClock "0:01:05"]
[BlackClock "0:01:55"]

1. d4 Nf6 2. c4 c5 3. d5 b5 4. cxb5 a6 5. e3 axb5 6. Bxb5 Qa5+ 7. Nc3 Bb7 8. Bd2 Qb6 9. Bc4 e6 10. e4 Nxe4 11. Nxe4 exd5 12. Nxc5 Bxc5 13. Qe2+ Kd8 0-1


[Site "https://www.chess.com"]

[Event "Titled Tuesday Blitz March 01 Late 2022"]
[White "Seo, Jung Min"]
[Black "Kamsky, Gata"]
[WhiteFideId "1734687"]
[BlackFideId "2000024"]
[WhiteElo "2401"]
[BlackElo "2645"]
[Result "1/2-1/2"]
[Round "10"]
[TimeControl "180+1"]
[Date "2022.03.01"]
[WhiteClock "0:00:25"]
[BlackClock "0:00:21"]

1. d4 Nf6 2. c4 g6 3. Nc3 Bg7 4. e4 d6 5. Be2 e5 6. Nf3 O-O 7. Be3 Nbd7 8. Qd2 Re8 9. d5 Ng4 10. Bg5 f6 11. Bh4 Nh6 12. Rb1 a5 13. Qc2 Nc5 14. Nd2 Nf7 15. f3 Bh6 16. O-O Be3+ 17. Kh1 Bd7 18. b3 h5 19. a3 Rf8 20. b4 axb4 21. axb4 Na4 22. Nb3 Nxc3 23. Qxc3 Bg5 24. Bf2 f5 25. c5 fxe4 26. fxe4 b6 27. Bd3 Nh6 28. Bg1 Rxf1 29. Rxf1 Ng4 30. Be2 Ra2 31. Bf3 Bb5 32. Ra1 Rxa1 33. Qxa1 Bf4 34. cxb6 cxb6 35. g3 Bg5 36. Qd1 Ne3 37. Bxe3 Bxe3 38. Be2 Ba4 39. Qd3 Qg5 40. b5 h4 41. Kg2 hxg3 42. hxg3 Kg7 43. Qc4 Bxb3 44. Qxb3 Bc5 45. Qf3 Qd2 46. Kh3 Kh6 47. Qg4 Qg5 48. Qxg5+ Kxg5 49. Bf3 1/2-1/2


[Site "https://www.chess.com"]

[Event "Titled Tuesday Blitz March 01 Late 2022"]
[White "Shuvalova, Polina"]
[Black "Li, Ben"]
[WhiteFideId "24171760"]
[BlackFideId "2089980"]
[WhiteElo "2355"]
[BlackElo "2267"]
[Result "1-0"]
[Round "10"]
[TimeControl "180+1"]
[Date "2022.03.01"]
[WhiteClock "0:00:31"]
[BlackClock "0:01:01"]

1. d4 d5 2. Nf3 Nf6 3. Bf4 c5 4. e3 Nc6 5. Nbd2 e6 6. c3 Bd6 7. Bb5 O-O 8. O-O Bxf4 9. exf4 Qb6 10. Bxc6 bxc6 11. Qc2 Ba6 12. Rfe1 Rab8 13. Rab1 Rfc8 14. Nb3 c4 15. Nc5 g6 16. Ne5 Qc7 17. Re3 Bb7 18. g4 Re8 19. h4 Bc8 20. h5 Nd7 21. hxg6 fxg6 22. Ncxd7 Bxd7 23. Nxg6 c5 24. Ne5 cxd4 25. cxd4 Re7 26. Kg2 Rf8 27. Rf3 Rg7 28. Rh1 Be8 29. f5 exf5 30. Rxf5 Bg6 31. Rxf8+ Kxf8 32. Qd2 Kg8 33. f3 Qb6 34. Re1 Qf6 35. Qa5 h5 36. Qxd5+ Kh7 37. Rh1 Qf4 38. Nxg6 Rxg6 39. Qxh5+ Kg7 40. Qh8+ Kf7 41. Rh7+ Ke6 42. Qe8+ Kf6 43. Qf7+ Kg5 44. Rh5# 1-0


[Site "https://www.chess.com"]

[Event "Titled Tuesday Blitz March 01 Late 2022"]
[White "Tomiello, Mateus Costamilan"]
[Black "Demchenko, Anton"]
[WhiteFideId "22701958"]
[BlackFideId "4160258"]
[WhiteElo "1975"]
[BlackElo "2539"]
[Result "0-1"]
[Round "10"]
[TimeControl "180+1"]
[Date "2022.03.01"]
[WhiteClock "0:00:02"]
[BlackClock "0:01:30"]

1. e4 e5 2. Nf3 Nc6 3. Bb5 a6 4. Ba4 Nge7 5. c3 Ng6 6. d4 exd4 7. cxd4 Bb4+ 8. Nc3 d5 9. O-O Bxc3 10. bxc3 O-O 11. e5 f6 12. Ba3 Re8 13. exf6 Qxf6 14. Re1 Bg4 15. Rxe8+ Rxe8 16. h3 Bxf3 17. Qxf3 Qxf3 18. gxf3 Nf4 19. Bxc6 bxc6 20. Kh2 Kf7 21. Rb1 Re2 22. Rb7 Ne6 23. Rb2 Rxb2 24. Bxb2 c5 25. Kg3 c4 26. f4 g6 27. Ba3 Ng7 28. Kg4 Nf5 29. h4 Kf6 30. Bb4 h5+ 31. Kh3 Ke6 32. Ba5 c6 33. Bb4 Nh6 34. Bf8 Nf7 35. Kg3 Kf5 36. Kf3 Nd8 37. Bh6 Ne6 38. Bg5 Nc7 39. Bd8 Nb5 40. Ba5 Ke6 41. a4 Nd6 42. Bc7 Nf5 43. Bd8 Nd6 44. Bc7 Ne4 45. Ba5 Kd7 46. Ke3 Nd6 47. Kf3 Nf5 48. Bb4 Nxh4+ 49. Kg3 Nf5+ 50. Kf3 Ke6 51. Ba5 Nd6 52. Kg3 Ne4+ 53. Kf3 Kf5 54. Ke3 Nf6 55. Bd8 Ng4+ 56. Kf3 Nh6 57. Kg3 Ng8 58. f3 Nf6 59. Bc7 Nd7 60. Kh4 c5 61. dxc5 Nxc5 62. a5 Nb3 63. Kg3 d4 64. cxd4 Nxd4 65. Be5 Ne2+ 66. Kf2 Nxf4 67. Bc3 Nd5 0-1


[Site "https://www.chess.com"]

[Event "Titled Tuesday Blitz March 01 Late 2022"]
[White "Toncheva, Nadya"]
[Black "Calcada, Lucas Galvan"]
[WhiteFideId "2924056"]
[BlackFideId "22746099"]
[WhiteElo "1920"]
[BlackElo "1402"]
[Result "1-0"]
[Round "10"]
[TimeControl "180+1"]
[Date "2022.03.02"]
[WhiteClock "0:00:35"]
[BlackClock "0:00:08"]

1. e4 c5 2. Nf3 d6 3. d4 cxd4 4. Nxd4 Nf6 5. f3 e6 6. c4 a6 7. Nc3 Qc7 8. Be2 b6 9. Be3 Nbd7 10. O-O Bb7 11. a4 Be7 12. Qd2 O-O 13. a5 bxa5 14. Nb3 Rac8 15. Nxa5 Ba8 16. Rfd1 Ne5 17. Bf1 Qb8 18. Qf2 Bd8 19. h3 Bxa5 20. Rxa5 Nxc4 21. Bxc4 Rxc4 22. Rxa6 d5 23. exd5 Nxd5 24. Bd4 Bb7 25. Ra5 Qc8 26. Ne4 Rc2 27. Qg3 f6 28. Rxd5 Bxd5 29. Nxf6+ Rxf6 30. Bxf6 Qf8 31. Bc3 Qc5+ 32. Kh2 Qa7 33. Ra1 Qf7 34. Ra4 Bxf3 35. Qb8+ Qf8 36. Qxf8+ Kxf8 37. Rf4+ Ke7 38. Rxf3 1-0


[Site "https://www.chess.com"]

[Event "Titled Tuesday Blitz March 01 Late 2022"]
[White "Urazayev, Arystanbek"]
[Black "Kanyamarala, Trisha"]
[WhiteFideId "13709810"]
[BlackFideId "45004722"]
[WhiteElo "2321"]
[BlackElo "2002"]
[Result "1-0"]
[Round "10"]
[TimeControl "180+1"]
[Date "2022.03.01"]
[WhiteClock "0:02:46"]
[BlackClock "0:02:08"]

1. e4 c5 2. Nf3 d6 3. d4 cxd4 4. Nxd4 Nf6 5. Nc3 Nc6 6. Nd5 Nxe4 7. Nb5 Bf5 8. Nbc7+ Kd7 9. Nxa8 Qxa8 10. Bd3 e6 11. Ne3 Bg6 12. O-O Be7 13. c3 Rd8 14. Qc2 Nc5 15. Bxg6 hxg6 16. b4 Na6 17. b5 Nc7 18. bxc6+ bxc6 19. Rd1 Rh8 20. Ba3 Nb5 21. Bb2 d5 22. c4 Nc7 23. Be5 f6 24. Bxc7 Kxc7 25. cxd5 exd5 26. Nxd5+ 1-0


[Site "https://www.chess.com"]

[Event "Titled Tuesday Blitz March 01 Late 2022"]
[White "Vifleemskaia, Svetlana"]
[Black "Mirzoev, Azer"]
[WhiteFideId "4129490"]
[BlackFideId "13400304"]
[WhiteElo "1901"]
[BlackElo "2525"]
[Result "0-1"]
[Round "10"]
[TimeControl "180+1"]
[Date "2022.03.02"]
[WhiteClock "0:00:07"]
[BlackClock "0:01:44"]

1. d4 Nf6 2. c4 e6 3. Nc3 c5 4. d5 exd5 5. cxd5 d6 6. e4 a6 7. a4 g6 8. Nf3 Bg7 9. Be2 Bg4 10. Nd2 Bxe2 11. Qxe2 Nbd7 12. O-O O-O 13. f4 Re8 14. Qf3 Rc8 15. Nc4 Nb6 16. Ne3 c4 17. a5 Nbd7 18. Ra4 b5 19. axb6 Qxb6 20. Kh1 Nc5 21. Rxc4 Qb3 22. Qd1 Qxd1 23. Rxd1 Ncxe4 24. Rxc8 Rxc8 25. Nxe4 Nxe4 26. Kg1 f5 27. g4 fxg4 28. Nxg4 Rc2 29. Ne3 Re2 30. f5 g5 31. Ng4 h5 32. Ne3 g4 33. Nf1 Be5 34. b4 Kf7 35. Be3 Kf6 36. Bd4 Kxf5 37. Bxe5 Kxe5 38. Ra1 Ng5 39. Rxa6 Nf3+ 40. Kh1 Rf2 41. Ra1 h4 42. Rb1 g3 43. hxg3 hxg3 0-1


[Site "https://www.chess.com"]

[Event "Titled Tuesday Blitz March 01 Late 2022"]
[White "Vusatiuk, Vladimir"]
[Black "Tanenbaum, Zachary"]
[WhiteFideId "14118610"]
[BlackFideId "2060850"]
[WhiteElo "2157"]
[BlackElo "2168"]
[Result "1/2-1/2"]
[Round "10"]
[TimeControl "180+1"]
[Date "2022.03.01"]
[WhiteClock "0:00:13"]
[BlackClock "0:00:14"]

1. e3 d5 2. b3 e5 3. Bb2 Bd6 4. Nf3 Qe7 5. d4 e4 6. Nfd2 c6 7. c4 Nf6 8. Qc1 O-O 9. Ba3 Bf5 10. Bxd6 Qxd6 11. Nc3 a6 12. c5 Qc7 13. Be2 Nbd7 14. h3 Bg6 15. Qb2 h6 16. b4 Ne8 17. a4 f5 18. g3 Nef6 19. Nb3 Bh5 20. Bxh5 Nxh5 21. h4 Ndf6 22. Qe2 Ng4 23. Kd2 Rae8 24. b5 Qd7 25. bxc6 bxc6 26. Rhb1 f4 27. gxf4 Nxf4 28. exf4 e3+ 29. fxe3 Nxe3 30. Kc1 Rxf4 31. Nd2 Rxd4 32. Qf2 Rd3 33. Rb3 d4 34. Nce4 Rxb3 35. Nxb3 Rxe4 36. Kb2 d3 37. Re1 Qe6 38. Nd2 Rb4+ 39. Kc3 Nd5+ 40. Kxd3 Qg6+ 41. Ke2 Nc3+ 42. Kf1 Qd3+ 43. Kg1 Rg4+ 44. Kh2 Qg6 45. Nf3 Rf4 46. Qe3 Qg4 47. Qxc3 Rxf3 48. Re8+ Kh7 49. Qc2+ Rf5 50. Rf8 Qxh4+ 51. Kg1 Qg4+ 52. Kh1 Qf3+ 53. Kh2 Qf4+ 54. Kh1 g6 55. Rxf5 Qxf5 56. Qb3 Qf1+ 57. Kh2 Qf2+ 58. Kh1 Qxc5 59. Qf7+ Kh8 60. Qf6+ Kg8 61. Qxg6+ Kf8 62. Qxh6+ Ke7 63. Qg7+ Ke6 64. Qg6+ Kd5 65. Qd3+ Qd4 66. Qxa6 Qe4+ 67. Kg1 Qe3+ 68. Kg2 Qe4+ 69. Kf2 Qd4+ 70. Ke2 Qc4+ 71. Qxc4+ Kxc4 72. a5 Kb5 73. Kd3 Kxa5 74. Kc4 Kb6 75. Kb4 Kb7 76. Kc5 Kc7 77. Kc4 Kd6 78. Kd4 c5+ 79. Kc4 Kc6 80. Kc3 Kd5 81. Kd3 c4+ 82. Kc3 Kc5 83. Kc2 Kb4 84. Kb2 Kb5 85. Kc3 Kc5 86. Kc2 Kd5 87. Kc3 Kc5 1/2-1/2


[Site "https://www.chess.com"]

[Event "Titled Tuesday Blitz March 01 Late 2022"]
[White "Weetik, Vjacheslav"]
[Black "Janaszak, Dawid"]
[WhiteFideId "4153472"]
[BlackFideId "1119206"]
[WhiteElo "2674"]
[BlackElo "2518"]
[Result "1-0"]
[Round "10"]
[TimeControl "180+1"]
[Date "2022.03.02"]
[WhiteClock "0:00:17"]
[BlackClock "0:00:06"]

1. d4 Nf6 2. Bf4 c5 3. e3 cxd4 4. exd4 g6 5. Nf3 Bg7 6. c3 O-O 7. Be2 Nh5 8. Be3 d5 9. Nbd2 Nc6 10. O-O Qc7 11. Re1 Nf4 12. Bf1 Bf5 13. Nb3 h6 14. Qd2 g5 15. h4 Bf6 16. hxg5 hxg5 17. g3 Be4 18. Qd1 Ne6 19. Nbd2 Bg6 20. Bh3 Ncd8 21. Nh2 Kg7 22. Ng4 Rh8 23. Bg2 Bh5 24. Bf3 Bg6 25. Bxd5 Qd6 26. Bg2 Rb8 27. Nc4 Qc7 28. Nce5 Bf5 29. Qf3 Bxg4 30. Nxg4 b5 31. d5 Nf8 32. Nxf6 exf6 33. Bd4 Rh6 34. Qf5 Rg6 35. Bf3 Qd7 36. Be4 Qd6 37. Kg2 b4 38. Rh1 bxc3 39. Bxc3 Rb5 40. Qh3 1-0


[Site "https://www.chess.com"]

[Event "Titled Tuesday Blitz March 01 Late 2022"]
[White "Winkels, Marcel"]
[Black "Vine, Elzbieta"]
[WhiteFideId "1003887"]
[BlackFideId "1119320"]
[WhiteElo "1900"]
[BlackElo "1834"]
[Result "1-0"]
[Round "10"]
[TimeControl "180+1"]
[Date "2022.03.02"]
[WhiteClock "0:00:44"]
[BlackClock "0:00:10"]

1. b3 e5 2. Bb2 d6 3. e3 Nc6 4. Bb5 Bd7 5. d4 Nf6 6. Nf3 exd4 7. exd4 Be7 8. O-O d5 9. Nbd2 O-O 10. a3 Bd6 11. Bd3 Bg4 12. h3 Bd7 13. Re1 Qc8 14. Ne5 Re8 15. Qf3 Be6 16. Nf1 Nd7 17. Ng3 Ndxe5 18. dxe5 Bc5 19. Qh5 g6 20. Qh6 Bf8 21. Qh4 Bg7 22. f4 d4 23. Ne4 Qd8 24. Nf6+ 1-0


[Site "https://www.chess.com"]

[Event "Titled Tuesday Blitz March 01 Late 2022"]
[White "Yuan, Qingyu"]
[Black "Pinheiro, Iung Alicio de O."]
[WhiteFideId "8609772"]
[BlackFideId "2104350"]
[WhiteElo "2359"]
[BlackElo "2535"]
[Result "1-0"]
[Round "10"]
[TimeControl "180+1"]
[Date "2022.03.01"]
[WhiteClock "0:00:05"]
[BlackClock "0:00:05"]

1. e4 c5 2. Nf3 Nc6 3. d4 cxd4 4. Nxd4 Nf6 5. Nc3 d6 6. Bg5 e6 7. Qd2 a6 8. O-O-O Bd7 9. f4 b5 10. a3 Qb6 11. e5 Qxd4 12. Qxd4 Nxd4 13. exf6 Nf5 14. g4 Ne3 15. fxg7 Bxg7 16. Rxd6 Rc8 17. Rd3 Nxg4 18. Rg1 Nf2 19. Rd2 Bxc3 20. bxc3 Ne4 21. Rd4 Nxc3 22. Bf6 Rf8 23. Bd3 Nd5 24. Bg7 Ke7 25. Bxf8+ Rxf8 26. f5 Nf6 27. fxe6 Bxe6 28. Kb2 h5 29. Rg5 Rc8 30. Be2 Rc7 31. Bxh5 Rc8 32. Bf3 Rh8 33. h4 Nd7 34. Rg1 Nb6 35. Be2 Na4+ 36. Kc1 Nc5 37. Rg3 Kf6 38. Rf3+ Ke5 39. Rb4 Ne4 40. Re3 f5 41. h5 Bd5 42. Bf3 Kf4 43. Rd3 Bc4 44. Bxe4 fxe4 45. Rh3 Kg4 46. Rh1 Kf3 47. Rh3+ Kg2 48. Re3 Bd5 49. Rd4 Bc6 50. Rd6 Ba8 51. h6 Kf2 52. Kd2 Rh7 53. Rf6+ Kg2 54. Rg6+ Kf2 55. Rf6+ Kg2 56. Ke2 Bd5 57. Rg6+ Kh2 58. Reg3 Bc4+ 59. Kf2 Rf7+ 60. Ke3 Bd5 61. R3g5 Kh3 62. Rh5# 1-0


[Site "https://www.chess.com"]

[Event "Titled Tuesday Blitz March 01 Late 2022"]
[White "Adewumi, Tanitoluwa"]
[Black "Estrada Nieto, Julian"]
[WhiteFideId "30966396"]
[BlackFideId "5101018"]
[WhiteElo "2531"]
[BlackElo "2246"]
[Result "1-0"]
[Round "11"]
[TimeControl "180+1"]
[Date "2022.03.02"]
[WhiteClock "0:00:09"]
[BlackClock "0:00:05"]

1. Nf3 d5 2. d3 Nf6 3. g3 Nc6 4. Bg2 e5 5. O-O Be7 6. Nc3 O-O 7. e4 Bg4 8. h3 Bh5 9. Qe1 Bxf3 10. Bxf3 Nd4 11. Bd1 dxe4 12. Nxe4 Qd7 13. Kh2 Rfe8 14. c3 Nc6 15. Bc2 Rad8 16. Be3 Nd5 17. Bc5 f5 18. Bxe7 Qxe7 19. Nd2 Kh8 20. Rd1 Nf6 21. Nc4 a5 22. Ba4 e4 23. d4 f4 24. Ne5 Nxe5 25. dxe5 Qxe5 26. Bxe8 Rxe8 27. Qe2 Nh5 28. Qg4 e3 29. fxe3 fxg3+ 30. Kg2 Nf6 31. Qxg3 Qe4+ 32. Kh2 h6 33. Rd4 Qc2+ 34. Rf2 Qc1 35. Rg2 Re7 36. Rd8+ Ne8 37. Rxe8+ 1-0


[Site "https://www.chess.com"]

[Event "Titled Tuesday Blitz March 01 Late 2022"]
[White "Aggelis, Nikolaos"]
[Black "Gerbelli Neto, Eduardo"]
[WhiteFideId "4213220"]
[BlackFideId "2103281"]
[WhiteElo "2154"]
[BlackElo "2178"]
[Result "0-1"]
[Round "11"]
[TimeControl "180+1"]
[Date "2022.03.02"]
[WhiteClock "0:00:08"]
[BlackClock "0:00:33"]

1. c4 c5 2. Nc3 Nf6 3. e3 d5 4. cxd5 Nxd5 5. Bb5+ Nc6 6. Qf3 Nb4 7. Bxc6+ bxc6 8. Kf1 Ba6+ 9. Nge2 e6 10. a3 Nd5 11. g3 Be7 12. Kg2 O-O 13. Nf4 c4 14. Rd1 Rb8 15. d4 cxd3 16. e4 Nxc3 17. bxc3 Bf6 18. Nxd3 Bxc3 19. Nb4 Qf6 20. Qxf6 Bxf6 21. Nxa6 Bxa1 22. Nxb8 Rxb8 23. Bf4 e5 24. Rxa1 exf4 25. gxf4 Kf8 26. Rc1 Rb6 27. Rc5 Ra6 28. Rc3 Ke7 29. Kf3 Kd6 30. Ke3 c5 31. Kd3 Ra4 32. f3 f6 33. Kc2 Rd4 34. Rd3 Rxd3 35. Kxd3 g6 36. Kc4 Kc6 37. h4 a6 38. e5 fxe5 39. fxe5 h6 40. f4 h5 41. a4 a5 42. e6 Kd6 43. e7 Kxe7 44. Kb5 Kd6 45. Kxa5 Kc6 46. f5 gxf5 47. Ka6 c4 48. a5 c3 49. Ka7 Kc7 50. a6 c2 51. Ka8 c1=Q 52. a7 Qc6# 0-1


[Site "https://www.chess.com"]

[Event "Titled Tuesday Blitz March 01 Late 2022"]
[White "Al-Tarboush, Ward"]
[Black "Li, Ben"]
[WhiteFideId "7601450"]
[BlackFideId "2089980"]
[WhiteElo "2276"]
[BlackElo "2267"]
[Result "0-1"]
[Round "11"]
[TimeControl "180+1"]
[Date "2022.03.01"]
[WhiteClock "0:00:56"]
[BlackClock "0:00:36"]

1. e4 e5 2. Nf3 Nf6 3. Nxe5 d6 4. Nf3 Nxe4 5. Nc3 Nxc3 6. dxc3 Be7 7. Bd3 O-O 8. Bf4 Nd7 9. Qd2 Nc5 10. Bc4 Be6 11. Bb3 Nxb3 12. axb3 Re8 13. O-O h6 14. Nd4 Bd7 15. Rfe1 Bf6 16. b4 a6 17. c4 Rxe1+ 18. Rxe1 Qf8 19. c3 Re8 20. h3 Rxe1+ 21. Qxe1 Qe7 22. Qxe7 Bxe7 23. Nb3 Ba4 24. Nd2 g5 25. Be3 f5 26. g3 Kf7 27. f3 Ke6 28. Kf2 Bf6 29. Ke2 b6 30. Kd3 Bd1 31. Bd4 Be5 32. Bf2 f4 33. g4 b5 34. cxb5 axb5 35. h4 Kd5 36. h5 Ke6 37. b3 c6 38. c4 Bb2 39. Bd4 Bxd4 40. Kxd4 Be2 41. Kc3 Ke5 42. c5 d5 0-1


[Site "https://www.chess.com"]

[Event "Titled Tuesday Blitz March 01 Late 2022"]
[White "Antonova, Nadezhda"]
[Black "Kaplan, Ebru"]
[WhiteFideId "14700182"]
[BlackFideId "6315194"]
[WhiteElo "1765"]
[BlackElo "1941"]
[Result "1-0"]
[Round "11"]
[TimeControl "180+1"]
[Date "2022.03.02"]
[WhiteClock "0:02:36"]
[BlackClock "0:01:25"]

1. Nf3 d5 2. b3 Nf6 3. Bb2 e6 4. e3 Be7 5. d4 O-O 6. Bd3 c5 7. Nbd2 Nc6 8. a3 b6 9. O-O Bb7 10. Ne5 Nxe5 11. dxe5 Nd7 12. f4 f6 13. Rf3 fxe5 14. fxe5 Rxf3 15. Qxf3 Qf8 16. Qh3 g6 17. Rf1 Qg7 18. Qxe6+ 1-0


[Site "https://www.chess.com"]

[Event "Titled Tuesday Blitz March 01 Late 2022"]
[White "Ardila, Oscar Humberto"]
[Black "Elissalt Cardenas, Hector"]
[WhiteFideId "4404742"]
[BlackFideId "3500632"]
[WhiteElo "1898"]
[BlackElo "2159"]
[Result "0-1"]
[Round "11"]
[TimeControl "180+1"]
[Date "2022.03.02"]
[WhiteClock "0:00:05"]
[BlackClock "0:00:12"]

1. d4 d5 2. c4 e6 3. Nc3 Nf6 4. Bg5 Be7 5. e3 Nbd7 6. Nf3 h6 7. Bh4 O-O 8. Qc2 c6 9. c5 b6 10. b4 a5 11. bxa5 bxc5 12. Be2 Qxa5 13. O-O c4 14. Rab1 Bb4 15. Rxb4 Qxb4 16. Rb1 Qa3 17. h3 Ra7 18. g4 Rb7 19. g5 hxg5 20. Bxg5 Rxb1+ 21. Nxb1 Qe7 22. Nc3 e5 23. e4 exd4 24. Nxd4 Qe5 25. Nf3 Qd6 26. Qd2 Qb4 27. e5 Ne4 28. Nxe4 Qb1+ 29. Kg2 Qxe4 30. Qe3 Qxe3 31. Bxe3 Re8 32. Bf4 c5 33. Bd1 Nb6 34. Bc2 Be6 35. Ng5 d4 36. Bh7+ Kf8 37. Be4 c3 38. Nh7+ Kg8 39. Ng5 Nc4 40. Nxe6 fxe6 41. a4 Nd2 42. Bd3 c4 43. Bf1 d3 44. a5 Nxf1 45. Kxf1 c2 46. Ke1 c3 47. a6 Ra8 48. Bc1 Rxa6 49. f3 Ra1 50. Kf2 Rxc1 0-1


[Site "https://www.chess.com"]

[Event "Titled Tuesday Blitz March 01 Late 2022"]
[White "Balint, Vilmos"]
[Black "Perez Torres, Nabi Isaias"]
[WhiteFideId "718050"]
[BlackFideId "5120373"]
[WhiteElo "2059"]
[BlackElo "1755"]
[Result "0-1"]
[Round "11"]
[TimeControl "180+1"]
[Date "2022.03.02"]
[WhiteClock "0:01:33"]
[BlackClock "0:01:29"]

1. e4 c5 2. c4 g6 3. Nc3 Bg7 4. h4 h5 5. Nf3 Nc6 6. d3 Nf6 7. Be3 b6 8. Ng5 d6 9. Be2 Ne5 10. f3 a6 11. a4 Bd7 12. Qd2 b5 13. axb5 axb5 14. Rxa8 Qxa8 15. cxb5 O-O 16. O-O Rb8 17. d4 cxd4 18. Bxd4 Ne8 19. Nd5 e6 20. Nc3 Nc7 21. b6 Na6 22. Ra1 Bc8 23. Qd3 Qc6 24. Bxe5 Bxe5 25. Rxa6 Bxa6 26. Qxa6 Rxb6 27. Qa7 Rb7 28. Qa8+ Kg7 29. Kf1 Qb6 30. Qa2 Ra7 31. Qb1 Bxc3 32. b3 Ra1 0-1


[Site "https://www.chess.com"]

[Event "Titled Tuesday Blitz March 01 Late 2022"]
[White "Bibasa, Bob"]
[Black "Csonka, Balazs"]
[WhiteFideId "10000240"]
[BlackFideId "742910"]
[WhiteElo "2056"]
[BlackElo "2404"]
[Result "0-1"]
[Round "11"]
[TimeControl "180+1"]
[Date "2022.03.01"]
[WhiteClock "0:00:18"]
[BlackClock "0:00:06"]

1. e4 c5 2. Nf3 e6 3. Nc3 Nc6 4. Bb5 Nge7 5. O-O a6 6. Be2 Nd4 7. d3 Nec6 8. Re1 g6 9. Bf4 d6 10. Bf1 Bg7 11. Rb1 O-O 12. Nxd4 cxd4 13. Ne2 e5 14. Bd2 Be6 15. b3 d5 16. Ng3 dxe4 17. dxe4 Qh4 18. Bd3 Rac8 19. Qe2 Bh6 20. Bxh6 Qxh6 21. a3 Rc7 22. b4 Na7 23. a4 Rc3 24. b5 axb5 25. axb5 Nc8 26. Rb4 Nb6 27. h3 Rfc8 28. Qd1 Qf8 29. Rb1 Bc4 30. Ne2 Ra3 31. Ra1 Qb4 32. Rxa3 Qxa3 33. Nc1 Be6 34. Qd2 Qc3 35. Qxc3 Rxc3 36. Ne2 Ra3 37. Rc1 Bc4 38. Bxc4 Nxc4 39. f4 f6 40. fxe5 fxe5 41. Rb1 Ra2 42. Rc1 Ne3 43. Kf2 Nxc2 44. Kf3 Ra3+ 45. Kf2 Ra2 46. Kf3 Ra3+ 47. Kf2 d3 48. Ng3 Ra2 49. Kf3 Kf7 50. Rd1 Nd4+ 51. Ke3 Rxg2 52. Nf1 d2 53. Nxd2 Nxb5 54. Nc4 Ke6 55. Rb1 Rg3+ 56. Kf2 Rc3 57. Rxb5 Rxc4 58. Rb6+ Rc6 59. Rxb7 h5 60. Rg7 Kf6 61. Rg8 Kg5 62. Kg3 Rc3+ 63. Kg2 Kf4 64. Rf8+ Kxe4 65. Rf6 Rc2+ 66. Kg3 Rc3+ 67. Kg2 g5 68. h4 gxh4 69. Rh6 Ke3 70. Rxh5 e4 71. Rxh4 Rc2+ 72. Kf1 Rc1+ 73. Kg2 Rc2+ 74. Kf1 Kd3 75. Rh8 Rc1+ 76. Kf2 e3+ 77. Kf3 Rf1+ 78. Kg2 e2 79. Rd8+ Kc4 80. Rc8+ Kb5 81. Re8 e1=Q 82. Rxe1 Rxe1 83. Kf2 Re5 84. Kf3 Kc5 85. Kf4 Kd5 86. Kf3 Re4 87. Kf2 Ke5 88. Kf3 Kf5 89. Kf2 Kg4 90. Kg2 Re2+ 91. Kf1 Kf3 0-1


[Site "https://www.chess.com"]

[Event "Titled Tuesday Blitz March 01 Late 2022"]
[White "Bon, Michael"]
[Black "Pace, Christopher"]
[WhiteFideId "620696"]
[BlackFideId "2610167"]
[WhiteElo "2368"]
[BlackElo "2223"]
[Result "1-0"]
[Round "11"]
[TimeControl "180+1"]
[Date "2022.03.02"]
[WhiteClock "0:00:11"]
[BlackClock "0:00:11"]

1. e4 c5 2. Nf3 d6 3. d4 cxd4 4. Nxd4 Nf6 5. Nc3 a6 6. Bg5 Qb6 7. Bxf6 gxf6 8. Nd5 Qd8 9. Bc4 Nc6 10. O-O h5 11. c3 e6 12. Ne3 Qc7 13. Be2 h4 14. f4 Be7 15. Bh5 Bd7 16. Kh1 Rc8 17. Ndf5 exf5 18. Nd5 Qd8 19. Re1 Kf8 20. exf5 Bxf5 21. Bg4 Qd7 22. Nb6 Qc7 23. Bxf5 Rd8 24. Nd5 Qa5 25. b4 Qa3 26. Qe2 1-0


[Site "https://www.chess.com"]

[Event "Titled Tuesday Blitz March 01 Late 2022"]
[White "Calcada, Lucas Galvan"]
[Black "Osmonbekov, Talaibek"]
[WhiteFideId "22746099"]
[BlackFideId "2017253"]
[WhiteElo "1402"]
[BlackElo "2135"]
[Result "0-1"]
[Round "11"]
[TimeControl "180+1"]
[Date "2022.03.02"]
[WhiteClock "0:01:31"]
[BlackClock "0:02:06"]

1. e4 c5 2. Nf3 d6 3. d4 cxd4 4. Nxd4 Nf6 5. Nc3 g6 6. Be3 Bg7 7. f3 O-O 8. Qd2 Nc6 9. O-O-O d5 10. Nxc6 bxc6 11. exd5 cxd5 12. Nxd5 Nxd5 13. Qxd5 Qc7 14. Qxa8 Bf5 15. Qxf8+ Kxf8 16. Bd3 Be6 17. Kb1 Qe5 18. Bc1 h5 19. g3 Qd5 20. b3 Qxf3 21. Rhf1 Qc6 22. Bxg6 Ke8 23. Bd3 Qc3 24. Bb5+ Bd7 25. Bxd7+ Kf8 26. Rd4 Bxd4 27. Bh6+ Kg8 0-1


[Site "https://www.chess.com"]

[Event "Titled Tuesday Blitz March 01 Late 2022"]
[White "Cardoso Cardoso, Jose Gabriel"]
[Black "Yuan, Qingyu"]
[WhiteFideId "4430492"]
[BlackFideId "8609772"]
[WhiteElo "2451"]
[BlackElo "2359"]
[Result "1-0"]
[Round "11"]
[TimeControl "180+1"]
[Date "2022.03.01"]
[WhiteClock "0:00:12"]
[BlackClock "0:00:02"]

1. e4 c5 2. Nc3 d6 3. f4 g6 4. Nf3 Bg7 5. Bc4 Nc6 6. O-O e6 7. f5 Nf6 8. d3 O-O 9. Bg5 h6 10. Bh4 exf5 11. exf5 Bxf5 12. Nd5 g5 13. Nxg5 Nxd5 14. Rxf5 Ne3 15. Rxf7 hxg5 16. Rxf8+ Kxf8 17. Qf3+ Qf6 18. Qxe3 Re8 19. Qxg5 Qxg5 20. Bxg5 Bxb2 21. Rf1+ Kg7 22. Rf7+ Kg6 23. h4 Bd4+ 24. Kh2 Ne5 25. Rf6+ Kg7 26. Rxd6 Nxc4 27. Rd7+ Kg6 28. dxc4 Re2 29. Kh3 Rxc2 30. Rd6+ Kf7 31. h5 Rxc4 32. h6 Be5 33. Rd5 Bd4 34. h7 Kg7 35. Rd7+ Kg6 36. Rxd4 Rc3+ 37. Kg4 Kxh7 38. Rd7+ Kg6 39. Rd6+ Kf7 40. Kf5 Rc2 41. Rd7+ Ke8 42. Re7+ Kf8 43. Rxb7 Rxa2 44. Kg6 Rb2 45. Rxb2 Ke8 46. Rd2 1-0


[Site "https://www.chess.com"]